Get step-by-step instructions on how to execute this build order below. Start the game timer, and the build order will tick by so you can play in parallel with StarCraft on a second screen or mobile device.

Game Time

  0:00

Last Step

  N/A

Next Step

  12  0:00  Probe  

Upcoming Step

  13  0:15  Probe  

Don't want to look back and forth between 2 screens? Try out our Overwolf App, the Spawning Tool Build Advisor to get an in-game overlay with this build!

Complete Build Order

  12  0:00  Probe  
  13  0:15  Probe  
  14  0:32  Pylon  
  14  0:37  Probe  
  15  0:46  Probe  
  16  1:01  Probe  
  16  1:02  Gateway  
  17  1:15  Probe, Assimilator  
  18  1:32  Pylon  
  18  1:53  Cybernetics Core  
  18  2:19  Stalker  
  18  2:22  Assimilator  
  20  2:39  Warp Gate  
  20  2:49  Zealot  
  22  3:04  Pylon  
  22  3:16  Stalker  
  24  3:44  Probe  
  24  3:46  Zealot  
  27  3:56  Probe  
  27  4:01  Pylon  
  28  4:06  Probe  
  29  4:13  Stalker  
  29  4:14  Probe  
  31  4:22  Probe  
  33  4:34  Probe  
  34  4:51  Stalker  
  36  5:12  Probe  
  36  5:15  Sentry  
  36  5:17  Assimilator  
  36  5:20  Probe  
  40  5:39  Adept, Assimilator  
  42  5:59  Adept  
  44  6:19  Sentry  
  46  6:42  Probe  
  47  11:21  Protoss Air Weapons Level 1  
  45  13:29  Stalker  
  33  13:47  Stalker  
  33  14:05  Zealot  
  31  14:31  Pylon  
  27  14:34  Pylon  
  27  14:36  Pylon  
  23  15:00  Twilight Council  
  23  15:03  Stargate  
  23  15:06  Gateway  
  23  15:15  Robotics Facility